 Dungeon Crawl Stone Soup version 0.31-a0-210-gccc998df9b (webtiles) character file.

Game seed: 17854823382079370496

19481 bobo the Thaumaturge (level 12, -7/75 HPs)
             Began as a Deep Elf Hedge Wizard on June 30, 2023.
             Was an Elder of Sif Muna.
             Killed from afar by an oklob plant (31 damage)
             ... with a splash of acid
             ... on level 3 of the Lair of Beasts.
             The game lasted 01:26:44 (15754 turns).

bobo the Thaumaturge (Deep Elf Hedge Wizard)       Turns: 15754, Time: 01:26:45

Health: -7/75      AC: -11   Str: 13    XL:     12   Next: 36%
Magic:  36/36      EV: 15    Int: 29    God:    Sif Muna [****..]
Gold:   290        SH:  0    Dex: 11    Spells: 9/30 levels left

rFire   + . .        N - staff of earth
rCold   . . .        t - +4 kite shield
rNeg    . . .        l - +0 robe of Sunlight {Regen+ Str+3 Int+4 Dex-3}
rPois   .            M - +2 helmet {SInv}
rElec   .            w - +0 cloak
rCorr   .            D - +0 pair of gloves {Str+3}
SInv    +            f - +2 pair of slick slippers {slick, slippery, EV+4}
Will    +....        G - amulet of regeneration
Stlth   ++           a - ring of protection from fire
HPRegen 1.92/turn    y - ring of magical power
MPRegen 0.25/turn

%: no passive effects
@: confused, ambrosia-drunk, corroded
A: no striking features
a: Renounce Religion, Channel Magic, Forget Spell, Divine Exegesis


You were on level 3 of the Lair of Beasts.
You worshipped Sif Muna.
Sif Muna was greatly pleased with you.
You visited 3 branches of the dungeon, and saw 12 of its levels.
You also visited: Sewer, Ossuary and Bailey.

You collected 927 gold pieces.
You spent 637 gold pieces at shops.

Inventory:

Armour
 f - the +2 pair of slick slippers (worn) {slick, slippery, EV+4}
   (You bought it in a shop on level 4 of the Dungeon)

   Slick:     Its wearer cannot be constricted, engulfed, netted or webbed.
   Slippery:  Its wearer slips away from damaging melee attacks, pulling the
   attacker onward.
   EV:        It affects your evasion (+4).
 l - the +0 robe of Sunlight (worn) {Regen+ Str+3 Int+4 Dex-3}
   (You found it on level 2 of the Dungeon)

   Str:       It affects your strength (+3).
   Int:       It affects your intelligence (+4).
   Dex:       It affects your dexterity (-3).
   Regen:     It increases your rate of health regeneration.
 q - a +3 leather armour
 t - a +4 kite shield (worn)
 w - a +0 cloak (worn)
 D - a +0 pair of gloves of strength (worn)
 M - a +2 helmet of see invisible (worn)
Magical Staves
 N - a staff of earth (weapon)
Jewellery
 a - a ring of protection from fire (left hand)
 c - a ring of protection from cold
 y - a ring of magical power (right hand)
 B - a ring of fire
 G - an amulet of regeneration (around neck)
Wands
 e - a wand of paralysis (8)
 v - a wand of polymorph (13)
 F - a wand of iceblast (4)
Scrolls
 d - a scroll of brand weapon {unknown}
 g - 2 scrolls of vulnerability
 i - 4 scrolls of poison
 j - a scroll of revelation
 k - a scroll of fog {unknown}
 m - a scroll of enchant weapon {unknown}
 p - a scroll of silence {unknown}
 u - a scroll of fear {unknown}
 x - a scroll of immolation {unknown}
 H - a scroll of butterflies {unknown}
Potions
 h - 3 potions of curing
 n - a potion of attraction {unknown}
 o - 2 potions of ambrosia
 r - 4 potions of might
 s - 2 potions of mutation {unknown}
 z - 5 potions of resistance
 A - 2 potions of haste
 C - a potion of cancellation {unknown}
 E - 3 potions of lignification
 K - 2 potions of enlightenment
 L - a potion of berserk rage {unknown}


   Skills:
 + Level 8.3 Fighting
 - Level 3.1 Staves
 - Level 5.3 Dodging
 - Level 8.0 Stealth
 + Level 4.1 Shields
 + Level 9.8 Spellcasting
 - Level 7.2 Conjurations
 + Level 3.8 Summonings
 + Level 3.9 Translocations
 - Level 4.0 Transmutations
 - Level 4.0 Fire Magic
 - Level 4.0 Air Magic
 - Level 4.0 Earth Magic
 - Level 4.0 Poison Magic
 - Level 8.0 Invocations


You had 9 spell levels left.
You knew the following spells:

 Your Spells              Type           Power      Damage    Failure   Level
a - Magic Dart            Conj           100%       1d8       1%          1
c - Mephitic Cloud        Conj/Pois/Air  43%        N/A       4%          3
d - Call Canine Familiar  Summ           36%        N/A       8%          3
i - Call Imp              Summ           72%        N/A       3%          2
r - Cigotuvi's Dreadful   Necr/Pois/Air  58%        N/A       6%          2
s - Stone Arrow           Conj/Erth      100%       3d13      3%          3
w - Passwall              Tmut/Erth      45%        N/A       3%          2
C - Ignite Poison         Fire/Tmut/Pois 37%        N/A       8%          3
Z - Blink                 Tloc           74%        N/A       3%          2

Your spell library contained the following spells:

 Spells                   Type           Power      Damage    Failure   Level
 Sandblast                Erth           100%       2d20      2%          1
 Summon Small Mammal      Summ           100%       N/A       2%          1
 Hailstorm                Conj/Ice       35%        3d9       9%          3
 Freeze                   Ice            56%        1d7       13%         1
 Slow                     Hex            56%        N/A       13%         1
 Summon Guardian Golem    Hex/Summ       25%        N/A       17%         3
 Sublimation of Blood     Necr           14%        N/A       19%         2
 Petrify                  Tmut/Erth      54%        N/A       24%         4
 Irradiate                Conj/Tmut      23%        3d19      34%         5
 Frozen Ramparts          Ice            28%        1d5       36%         3
 Freezing Cloud           Conj/Ice/Air   18%        6-21      58%         5
 Anguish                  Hex/Necr       7%         N/A       77%         4
 Cause Fear               Hex            7%         N/A       77%         4
 Enfeeble                 Hex            7%         N/A       100%        7


Dungeon Overview and Level Annotations

Branches:
Dungeon (8/15)             Temple (1/1) D:5            Lair (3/5) D:8
 Shoals (0/4) Lair:2        Snake (0/4) Lair:2        Sewer (visited)
Ossuary (visited)          Bailey (visited)

Altars:
Ashenzari
Cheibriados
Dithmenos
Elyvilon
Fedhas
Gozag
Hepliaklqana
Kikubaaqudgha
Makhleb
Nemelex Xobeh
Okawaru
Qazlal
Ru
Sif Muna
Uskayaw
Vehumet
Wu Jian
Xom
Yredelemnul
Zin
The Shining One

Shops:
D:1 (   D:4 [   D:8 :([[

Annotations:
D:4 Edmund
Lair:3 exclusion: oklob plant


Message History

You feel stable enough to blink again.
The vampire mosquito is engulfed in blazing flames.
You block the vampire mosquito's attack.
The basilisk gazes at you.
You are slowing down.
Your hound barely misses the basilisk.
The goliath frog is engulfed in blazing flames.
The goliath frog barely misses you.
Casting: Ignite Poison (dangerous; 8% risk of failure)
Confirm with . or Enter, or press ? or * to list all spells.
Aiming: Stone Arrow (dangerous; 3% risk of failure)
Press: ? - help, Shift-Dir - straight line, f/p - goliath frog
Aim: a goliath frog (flame, moderately wounded, 61% to hit)
You feel a surge of power!
The stone arrow misses the vampire mosquito.
The stone arrow hits the goliath frog!!
The goliath frog is almost dead.
Your surroundings suddenly seem different.
Found an escape hatch in the ceiling.
Sif Muna accepts your kill.
You feel a bit more experienced.
Your limbs are stiffening.
You have turned to stone.
The oklob plant spits acid at you. The splash of acid hits you!!
The acid corrodes you! The oklob plant spits acid at you.
The splash of acid hits you!! The acid corrodes you!
You feel less invigorated. The oklob plant spits acid at you.
The splash of acid hits you!! The acid corrodes you!
The oklob plant spits acid at you. The splash of acid hits you!!
The acid corrodes you! The oklob plant spits acid at you.
The splash of acid hits you!!
* * * LOW HITPOINT WARNING * * *
You turn to flesh and can move again.
You are confused.
You feel invigorated. The oklob plant spits acid at you.
The splash of acid hits you!!
You die...

..(... #.....P#...
####....................yF$
........P.<...............
#......P_P...........hl...
#<......P....P............
#.......!....#..........P.
..............P....#+PPP#.
##.....................PP..
.........@........ .......
#####P##P#####.## P###..#
#### ####


You could see an oklob plant.

Vanquished Creatures
  A catoblepas (Lair:2)
  Erica (Lair:2)
  A two-headed ogre (D:8)
  A skyshark (Lair:3)
  A goliath frog (Lair:3)
  Pikel (D:6)
  A manticore (Lair:2)
  5 cane toads
  A black mamba (Lair:2)
  2 komodo dragons
  Maggie (D:6)
  A wind drake (Lair:2)
  A polar bear (Lair:2)
  4 blink frogs (Lair:1)
  Sigmund (D:6)
  A shadow (D:8)
  30 yaks
  3 wyverns
  A basilisk (Lair:2)
  A steam dragon (D:7)
  4 nagas (Lair:2)
  9 water moccasins
  2 sky beasts
  8 orc warriors
  3 ice beasts
  A black bear (D:4)
  An ogre (D:7)
  10 wolves (Lair:2)
  2 lemures (D:6)
  4 kobold brigands
  9 bullfrogs
  2 scorpions
  3 gnoll sergeants
  7 wights
  2 howler monkeys
  2 orc priests
  A hound (D:7)
  5 jellies
  A sleepcap (D:6)
  Ijyb (D:5)
  5 orc wizards
  3 iguanas
  4 hell rats (D:8)
  8 mummies (Ossuary)
  Robin (D:3)
  11 gnolls
  4 river rats
  7 adders
  A dart slug (D:4)
  A worm (D:2)
  24 orcs
  5 bats
  4 endoplasms
  2 giant cockroaches
  3 gnoll zombies (Ossuary)
  14 goblins
  4 hobgoblins
  6 jackals
  4 quokkas
  9 ball pythons
  3 frilled lizards
  2 hobgoblin zombies (Ossuary)
  28 kobolds
  2 kobold zombies (Ossuary)
  An orc zombie (Ossuary)
  7 rats
299 creatures vanquished.

Vanquished Creatures (collateral kills)
  2 yaks (Lair:3)
  A basilisk (Lair:1)
  A centaur (D:7)
  A scorpion (D:5)
  2 jellies
  Terence (D:2)
  An iguana (D:4)
  A gnoll (D:6)
  5 adders
  A worm (D:2)
  A dart slug (D:4)
  An orc (D:5)
  A ball python (Sewer)
  2 goblins (D:3)
  A jackal (Sewer)
  A kobold (D:3)
  A frilled lizard (D:3)
24 creatures vanquished.

Vanquished Creatures (others)
  An orc (D:7)
1 creature vanquished.

Grand Total: 324 creatures vanquished

Notes
Turn   | Place    | Note
-------+----------+-------------------------------------------
     0 | D:1      | bobo the Deep Elf Hedge Wizard began the quest for the Orb.
     0 | D:1      | Reached XP level 1. HP: 10/10 MP: 7/7
   481 | D:1      | Reached XP level 2. HP: 16/16 MP: 1/9
   649 | D:1      | Found Nikedenn's Weapon Boutique.
   711 | D:1      | You fall into a shaft and drop 1 floor!
   716 | D:2      | Learned a level 2 spell: Blink
   719 | D:2      | Learned a level 2 spell: Call Imp
   962 | D:2      | Identified the +0 robe of Sunlight {Regen+ Str+3 Int+4
                  | Dex-3}
  1113 | D:2      | Reached XP level 3. HP: 20/20 MP: 8/11
  1179 | D:2      | Learned a level 3 spell: Mephitic Cloud
  1472 | D:2      | Noticed Terence
  1520 | D:2      | Killed Terence
  1521 | D:2      | Reached skill level 1 in Fighting
  1777 | D:2      | Found a blossoming altar of Fedhas.
  2169 | D:3      | Reached XP level 4. HP: 17/25 MP: 8/12
  2251 | D:3      | Found a glowing drain.
  2255 | Sewer    | Entered a sewer
  2259 | Sewer    | Learned a level 2 spell: Cigotuvi's Dreadful Rot
  2271 | Sewer    | Reached skill level 5 in Spellcasting
  2555 | Sewer    | Reached skill level 1 in Air Magic
  2555 | Sewer    | Reached skill level 1 in Poison Magic
  2803 | Sewer    | Reached XP level 5. HP: 29/29 MP: 8/14
  3668 | D:3      | Noticed Robin
  3771 | D:3      | Killed Robin
  4145 | D:3      | Reached XP level 6. HP: 35/35 MP: 9/16
  4912 | D:4      | Reached skill level 6 in Spellcasting
  5141 | D:4      | Found Ybbytt's Armour Shop.
  5173 | D:4      | Noticed Edmund
  5195 | D:4      | Reached XP level 7. HP: 40/40 MP: 6/18
  5904 | D:4      | Learned a level 3 spell: Ignite Poison
  6139 | D:5      | Entered Level 5 of the Dungeon
  6150 | D:5      | Noticed Ijyb
  6256 | D:5      | Killed Ijyb
  6362 | D:5      | Found a staircase to the Ecumenical Temple.
  7065 | Temple   | Entered the Ecumenical Temple
  7101 | Temple   | Became a worshipper of Sif Muna the Loreminder
  7370 | D:6      | Reached XP level 8. HP: 46/46 MP: 17/19
  7380 | D:6      | Noticed Sigmund
  7508 | D:6      | Found a sand-covered staircase.
  7515 | Ossuary  | Entered an ossuary
  7558 | Ossuary  | Reached skill level 1 in Fire Magic
  7577 | Ossuary  | Reached skill level 1 in Transmutations
  7832 | D:6      | Killed Sigmund
  7833 | D:6      | Reached skill level 5 in Conjurations
  8096 | D:6      | Reached skill level 7 in Spellcasting
  8099 | D:6      | Reached * piety under Sif Muna
  8188 | D:6      | Noticed Maggie
  8202 | D:6      | Killed Maggie
  8438 | D:6      | Reached XP level 9. HP: 52/52 MP: 18/22
  8586 | D:6      | Noticed Pikel
  8598 | D:6      | Killed Pikel
  8599 | D:6      | Reached skill level 8 in Spellcasting
  8599 | D:6      | Reached skill level 1 in Invocations
  9235 | D:6      | Reached skill level 5 in Fighting
  9572 | D:7      | Found a flagged portal.
  9593 | Bailey   | Entered a bailey
  9977 | Bailey   | Reached ** piety under Sif Muna
  9981 | Bailey   | Reached skill level 5 in Stealth
  9981 | Bailey   | Reached skill level 9 in Spellcasting
 10043 | Bailey   | Identified the +0 plate armour of Yddipnet {Harm rF- rC+}
 10107 | D:7      | Learned a level 3 spell: Call Canine Familiar
 10696 | D:7      | Reached XP level 10. HP: 50/60 MP: 25/25
 10888 | D:8      | Noticed a death yak
 10888 | D:8      | Found a staircase to the Lair.
 10890 | D:8      | Noticed a death yak
 10891 | D:8      | Noticed a death yak
 10947 | D:8      | Found Koureas's Book Boutique.
 11082 | D:8      | Found Ykhliwn's Weapon Emporium.
 11206 | D:8      | Found Qisiyjyu's Armour Shop.
 11300 | D:4      | Bought the +2 pair of slick slippers {slick, slippery,
                  | EV+4} for 421 gold pieces
 11300 | D:4      | Found the +2 pair of slick slippers {slick, slippery, EV+4}
 11413 | D:8      | Bought a book of Geomancy for 216 gold pieces
 11417 | D:8      | Learned a level 3 spell: Stone Arrow
 11420 | D:8      | Learned a level 2 spell: Passwall
 11580 | D:8      | Noticed a two-headed ogre
 11927 | D:8      | Killed a two-headed ogre
 11928 | D:8      | Reached skill level 5 in Invocations
 12127 | D:8      | Found a broken altar of Ashenzari.
 12127 | D:8      | Found a radiant altar of Vehumet.
 12230 | D:8      | Found Epeular's Armour Boutique.
 12340 | D:8      | Reached *** piety under Sif Muna
 12407 | Lair:1   | Entered Level 1 of the Lair of Beasts
 12424 | Lair:1   | Reached skill level 1 in Staves
 12434 | Lair:1   | Reached skill level 5 in Dodging
 12756 | Lair:1   | Reached skill level 1 in Earth Magic
 12756 | Lair:1   | Reached XP level 11. HP: 49/66 MP: 22/26
 13031 | Lair:1   | Reached skill level 1 in Shields
 13909 | Lair:2   | Reached **** piety under Sif Muna
 14195 | Lair:2   | Found a staircase to the Snake Pit.
 14362 | Lair:2   | Noticed a catoblepas
 14385 | Lair:2   | Killed a catoblepas
 14408 | Lair:2   | Noticed Erica
 14415 | Lair:2   | Killed Erica
 14723 | Lair:2   | Found a staircase to the Shoals.
 14786 | Lair:2   | Reached XP level 12. HP: 49/73 MP: 12/27
 15145 | Lair:3   | Found a white marble altar of Elyvilon.
 15664 | Lair:3   | Identified the +9 mace of Plague {protect, *Noise rPois rF-
                  | SInv}
 15754 | Lair:3   | Killed from afar by an oklob plant

Illustrated notes

Levels and vault maps discovered:
D:1:      ncdulo_watergridlock, layout_loops_cross, serial_shops, shop,
          ebering_dispersal_statue_hall
D:2:      layout_basic, basic_altar, guppyfry_early_lair_pool, uniq_terence
D:3:      layout_loops_corners, gup_sewer_entry_bowl, uniq_robin
D:4:      layout_loops_cross, serial_shops, shop, uniq_edmund
D:5:      layout_rooms, minmay_temple_entry_statues, uniq_ijyb
D:6:      layout_gridville, chequers_ossuary_entry_cave, serial_park_tiny_2,
          uniq_pikel, uniq_maggie, uniq_sigmund
D:7:      layout_basic, enter_bailey_8
D:8:      layout_gridville, mainiacjoe_overflow_large_starburst,
          dpeg_lair_monsters, serial_shops, shop, shop, shop,
          nicolae_shop_window_shopping, minmay_orc_keep
Temple:   hellmonk_temple_of_storms
Lair:1:   layout_cave_pods, infiniplex_staircase_pool
Lair:2:   layout_loops_ring, minmay_shoals_entry_beasts,
          minmay_snake_entry_guardpost_small, uniq_erica
Lair:3:   onia_ninara_swampy_vault, layout_chaotic_city, lemuel_oklob_altar,
          lemuel_fruit_tree

Skill      XL: |  1  2  3  4  5  6  7  8  9 10 11 12 |
---------------+-------------------------------------+-----
Fighting       | 1 2 3 4 5 6 7 8 |  8.3
Conjurations   | 2 3 4 5 7 |  7.2
Summonings     | 2 3 |  3.8
Translocations | 2 3 |  3.9
Spellcasting   | 5 6 7 9 |  9.8
Air Magic      | 1 2 3 4 |  4.0
Poison Magic   | 1 2 4 |  4.0
Fire Magic     | 3 4 |  4.0
Transmutations | 3 4 |  4.0
Stealth        | 5 8 |  8.0
Invocations    | 4 6 8 |  8.0
Dodging        | 5 |  5.3
Staves         | 2 3 |  3.1
Earth Magic    | 1 4 |  4.0
Shields        | 3 4 |  4.1

Action                     |  1- 3 |  4- 6 |  7- 9 | 10-12 || total
---------------------------+-------+-------+-------+-------++-------
  Melee: Dagger            |     3 |    65 |       |       ||    68
         Punch             |       |     1 |       |     4 ||     5
         Short sword       |       |       |    96 |    55 ||   151
         Spear             |       |       |    14 |       ||    14
         Staff             |       |       |       |   188 ||   188
   Cast: Magic Dart        |    71 |   114 |   113 |    37 ||   335
         Call Imp          |     9 |    18 |    18 |     3 ||    48
         Mephitic Cloud    |       |    19 |    83 |    73 ||   175
         Blink             |       |     4 |    11 |    23 ||    38
         Ignite Poison     |       |       |    53 |    52 ||   105
         Call Canine Famil |       |       |     3 |     6 ||     9
         Stone Arrow       |       |       |       |    84 ||    84
         Passwall          |       |       |       |     4 ||     4
 Invoke: Channel Magic     |       |       |       |     3 ||     3
  Evoke: Wand              |       |       |     1 |       ||     1
    Use: Scroll            |     1 |     4 |     7 |    12 ||    24
         Potion            |       |       |     2 |     9 ||    11
   Stab: Sleeping          |       |     1 |     1 |     1 ||     3
         Confused          |       |     2 |     3 |    10 ||    15
         Distracted        |       |       |     1 |     1 ||     2
         Petrifying        |       |       |       |     2 ||     2
 Armour: Robe              |     2 |    21 |    30 |    32 ||    85
  Dodge: Dodged            |    10 |    54 |    69 |   128 ||   261
  Block: Kite shield       |       |       |       |    42 ||    42

Table legend: (Time is in decaauts)
 A = Elapsed time spent in this place.
 B = Non-inter-level travel time spent in this place.
 C = Inter-level travel time spent in this place.
 D = Time resting spent in this place.
 E = Time spent auto-exploring this place.
 F = Levels seen in this place.
 G = Mean time per level.
                   A        B        C        D        E       F      G
               +--------+--------+--------+--------+--------+-----+--------+
         Total |  15922 |  15167 |    755 |   1542 |  10242 |  15 | 1061.5 |
       Dungeon |  10411 |   9726 |    685 |   1214 |   6383 |   8 | 1301.4 |
        Temple |     45 |     37 |      8 |      0 |     18 |   1 |   45.0 |
          Lair |   3362 |   3300 |     62 |    111 |   2606 |   3 | 1120.7 |
         Sewer |   1327 |   1327 |      0 |     45 |   1041 |   1 | 1327.0 |
       Ossuary |    280 |    280 |      0 |      0 |    194 |   1 |  280.0 |
        Bailey |    495 |    495 |      0 |    172 |      0 |   1 |  495.0 |
               +--------+--------+--------+--------+--------+-----+--------+

Top non-repeatable levels by time:
     D:6: 1812 daAuts
     D:3: 1512 daAuts
  Lair:1: 1483 daAuts
     D:4: 1460 daAuts
     D:2: 1352 daAuts
   Sewer: 1327 daAuts
  Lair:2: 1305 daAuts
     D:7: 1205 daAuts
     D:8: 1099 daAuts
     D:5: 1064 daAuts
     D:1: 903 daAuts
  Lair:3: 573 daAuts
  Bailey: 495 daAuts
 Ossuary: 280 daAuts
  Temple: 45 daAuts
